| TOP OF THE 1ST |
|
New York Mets batting - Pitching for Washington Nationals : RHP Danny Diaz
|
|
Pitching: RHP Danny Diaz
|
|
|
Batting: LHB Chris Ringwood
|
0-0: Called Strike 0-1: Foul Ball, location: 2F 0-2: Ball 1-2: Strikes out swinging
|
|
Batting: RHB Billy Walker
|
0-0: Ball 1-0: Reached on error, E5 (Groundball, 56, EV 77.5 MPH)
|
|
Batting: SHB Sean Cook
|
0-0: Ball Billy Walker steals 2nd, throwing error, E2 Billy Walker to third 1-0: Called Strike 1-1: Swinging Strike 1-2: Foul Ball, location: 2F 1-2: Strikes out looking
|
|
Batting: SHB Nelle van den Berg
|
0-0: Ball 1-0: Ball 2-0: Swinging Strike 2-1: Ball 3-1: Foul Ball, location: 2F 3-2: Foul Ball, location: 2F 3-2: Strikes out looking
|
| Top of the 1st over - 0 runs, 0 hits, 2 errors, 1 left on base; New York 0 - Washington 0 |
| BOTTOM OF THE 1ST |
|
Washington Nationals batting - Pitching for New York Mets : RHP Jeff Jank
|
|
Pitching: RHP Jeff Jank
|
|
|
Batting: RHB Hisayuki Akiyama
|
0-0: Swinging Strike 0-1: Ball 1-1: Swinging Strike 1-2: Ball 2-2: Foul Ball, location: 2F 2-2: Ball 3-2: SINGLE (Groundball, 15S, EV 66.2 MPH) (infield hit)
|
|
Batting: LHB Bob Melley
|
0-0: Ball 1-0: Foul Ball, location: 2F 1-1: Foul Ball, location: 2F 1-2: Foul Ball, location: 2F 1-2: Strikes out looking
|
|
Batting: RHB Dan Fallon
|
0-0: Ball 1-0: Called Strike 1-1: Foul Ball, location: 2F 1-2: Foul Ball, location: 2F 1-2: Ball 2-2: Ball 3-2: Fly out, F9 (Line Drive, 89M, EV 99.4 MPH)
|
|
Batting: LHB Kyung-jin Cho
|
0-0: Ball 1-0: Ball Hisayuki Akiyama steals 2nd base 2-0: Ground out 1-3 (Groundball, 13S, EV 73.8 MPH)
|
| Bottom of the 1st over - 0 runs, 1 hit, 0 errors, 1 left on base; New York 0 - Washington 0 |
| TOP OF THE 2ND |
|
New York Mets batting - Pitching for Washington Nationals : RHP Danny Diaz
|
|
Batting: RHB Drtian Thaqi
|
0-0: Called Strike 0-1: Ball 1-1: Swinging Strike 1-2: Ball 2-2: Strikes out swinging
|
|
Batting: SHB Roberto Magne
|
0-0: Ball 1-0: Ground out 4-3 (Groundball, 4, EV 85.6 MPH)
|
|
Batting: SHB Billy Encinias
|
0-0: Ball 1-0: SINGLE (Groundball, 4MD, EV 106.9 MPH)
|
|
Batting: RHB Finn Ross
|
0-0: Ball 1-0: Ball 2-0: Ball 3-0: Called Strike 3-1: Base on Balls Billy Encinias to second
|
|
Batting: RHB Antonio Aranda
|
0-0: Ball 1-0: Called Strike 1-1: Called Strike 1-2: Foul Ball, location: 2F 1-2: Hit by Pitch Billy Encinias to third Finn Ross to second
|
|
Batting: LHB Chris Ringwood
|
0-0: Ball 1-0: Ball 2-0: GRAND SLAM HOME RUN (Flyball, 9D, EV 96.9 MPH), Distance : 373 ft
|
|
Batting: RHB Billy Walker
|
0-0: Called Strike 0-1: Ground out 5-3 (Groundball, 5D, EV 101.2 MPH)
|
| Top of the 2nd over - 4 runs, 2 hits, 0 errors, 0 left on base; New York 4 - Washington 0 |
| BOTTOM OF THE 2ND |
|
Washington Nationals batting - Pitching for New York Mets : RHP Jeff Jank
|
|
Batting: RHB Antonio Laurel
|
0-0: Called Strike 0-1: Called Strike 0-2: Ground out 6-3 (Groundball, 6, EV 90.0 MPH)
|
|
Batting: RHB Dusty Ballard
|
0-0: Ball 1-0: Ball 2-0: Foul Ball, location: 2F 2-1: Fly out, F9 (Flyball, 89S, EV 89.4 MPH)
|
|
Batting: LHB Jae-ik Soung
|
0-0: Ball 1-0: Foul Ball, location: 2F 1-1: Foul Ball, location: 2F 1-2: Ball 2-2: Foul Ball, location: 2F 2-2: DOUBLE (Line Drive, 9LS, EV 95.6 MPH)
|
|
Batting: RHB Nate Dickinson
|
0-0: Ball 1-0: Ball 2-0: Ground out 3-1 (Groundball, 34S, EV 85.0 MPH)
|
| Bottom of the 2nd over - 0 runs, 1 hit, 0 errors, 1 left on base; New York 4 - Washington 0 |
| TOP OF THE 3RD |
|
New York Mets batting - Pitching for Washington Nationals : RHP Danny Diaz
|
|
Batting: SHB Sean Cook
|
0-0: Ball 1-0: Ball 2-0: Ball 3-0: Called Strike 3-1: Foul Ball, location: 2F 3-2: Fly out, F8 (Flyball, 8LD, EV 97.5 MPH)
|
|
Batting: SHB Nelle van den Berg
|
0-0: Swinging Strike 0-1: Ball 1-1: Ball 2-1: TRIPLE (Flyball, 89XD, EV 90.0 MPH)
|
|
Batting: RHB Drtian Thaqi
|
0-0: Ball 1-0: Foul Ball, location: 2F 1-1: Called Strike 1-2: SINGLE (Groundball, 56S, EV 73.1 MPH) (infield hit) Nelle van den Berg scores
|
|
Batting: SHB Roberto Magne
|
0-0: Foul Ball, location: 2F 0-1: SINGLE (Groundball, 34S, EV 64.4 MPH) (infield hit) Drtian Thaqi to second
|
|
Pitching: RHP Josh Wellman
|
|
|
Batting: SHB Billy Encinias
|
0-0: Ball 1-0: Ball 2-0: Called Strike 2-1: Foul Ball, location: 2F 2-2: Ball 3-2: Base on Balls Drtian Thaqi to third Roberto Magne to second
|
|
Batting: RHB Finn Ross
|
0-0: Ball 1-0: Ball 2-0: SINGLE (Groundball, 6MD, EV 96.9 MPH) Drtian Thaqi scores Roberto Magne to third Billy Encinias to second Runner from 3rd tries for Home, throw by CF and OUT! 8-2 Billy Encinias to third Finn Ross to second
|
|
Batting: RHB Antonio Aranda
|
0-0: Ball 1-0: Ground out 6-3 (Groundball, 56, EV 83.1 MPH)
|
| Top of the 3rd over - 2 runs, 4 hits, 0 errors, 2 left on base; New York 6 - Washington 0 |
| BOTTOM OF THE 3RD |
|
Washington Nationals batting - Pitching for New York Mets : RHP Jeff Jank
|
|
Batting: RHB Eric Wiss
|
0-0: Ball 1-0: Ground out 6-3 (Groundball, 6, EV 80.6 MPH)
|
|
Batting: RHB Hisayuki Akiyama
|
0-0: DOUBLE (Line Drive, 7LM, EV 104.4 MPH)
|
|
Batting: LHB Bob Melley
|
0-0: Ball 1-0: DOUBLE (Groundball, 5L, EV 98.1 MPH) Hisayuki Akiyama scores
|
|
Batting: RHB Dan Fallon
|
0-0: Ball 1-0: Called Strike 1-1: Ball 2-1: Fly out, F7 (Line Drive, 7S, EV 95.0 MPH)
|
|
Batting: LHB Kyung-jin Cho
|
0-0: Called Strike 0-1: Foul Ball, location: 2F 0-2: DOUBLE (Line Drive, 8LXD, EV 103.1 MPH) Bob Melley scores
|
|
Batting: RHB Antonio Laurel
|
0-0: Foul Ball, location: 2F 0-1: Called Strike 0-2: Ball 1-2: Ball 2-2: Ground out 4-3 (Groundball, 4MS, EV 93.1 MPH)
|
| Bottom of the 3rd over - 2 runs, 3 hits, 0 errors, 1 left on base; New York 6 - Washington 2 |
| TOP OF THE 4TH |
|
New York Mets batting - Pitching for Washington Nationals : RHP Josh Wellman
|
|
Batting: LHB Chris Ringwood
|
0-0: Swinging Strike 0-1: Called Strike 0-2: Foul Ball, location: 2F 0-2: Foul Ball, location: 2F 0-2: Foul Ball, location: 2F 0-2: Ball 1-2: Ball 2-2: Foul Ball, location: 2F 2-2: Ball 3-2: SOLO HOME RUN (Flyball, 9LD, EV 95.0 MPH), Distance : 354 ft
|
|
Batting: RHB Billy Walker
|
0-0: Swinging Strike 0-1: Ball 1-1: Ball 2-1: Foul Ball, location: 2F 2-2: Ball 3-2: Strikes out swinging
|
|
Batting: SHB Sean Cook
|
0-0: Called Strike 0-1: Ball 1-1: Foul Ball, location: 2F 1-2: Ball 2-2: Ball 3-2: Ground out 4-3 (Groundball, 34D, EV 98.8 MPH)
|
|
Batting: SHB Nelle van den Berg
|
0-0: Ball 1-0: SOLO HOME RUN (Flyball, 9D, EV 99.4 MPH), Distance : 368 ft
|
|
Pinch Hitting: SHB Luke Robbins
|
0-0: Ball 1-0: Ground out 5-3 (Groundball, 5, EV 99.4 MPH)
|
| Top of the 4th over - 2 runs, 2 hits, 0 errors, 0 left on base; New York 8 - Washington 2 |
| BOTTOM OF THE 4TH |
|
Washington Nationals batting - Pitching for New York Mets : RHP Jeff Jank
|
|
Now at 2B: Luke Robbins
|
|
|
Now at 3B: Roberto Magne
|
|
|
Batting: RHB Dusty Ballard
|
0-0: Ball 1-0: Fly out, F9 (Flyball, 9LS, EV 78.1 MPH)
|
|
Batting: LHB Jae-ik Soung
|
0-0: Foul Ball, location: 2F 0-1: Ground out 1-3 (Groundball, 34S, EV 67.5 MPH)
|
|
Batting: RHB Nate Dickinson
|
0-0: Swinging Strike 0-1: Ball 1-1: Foul Ball, location: 2F 1-2: Foul Ball, location: 2F 1-2: Strikes out swinging
|
| Bottom of the 4th over - 0 runs, 0 hits, 0 errors, 0 left on base; New York 8 - Washington 2 |
| TOP OF THE 5TH |
|
New York Mets batting - Pitching for Washington Nationals : RHP Josh Wellman
|
|
Now at C: Evan Oliveri
|
|
|
Pinch Hitting: SHB Jason Larson
|
0-0: Called Strike 0-1: Called Strike 0-2: Strikes out swinging
|
|
Batting: SHB Billy Encinias
|
0-0: Swinging Strike 0-1: Called Strike 0-2: Foul Ball, location: 2F 0-2: Foul Ball, location: 2F 0-2: Ball 1-2: Ball 2-2: Ball 3-2: Strikes out swinging
|
|
Batting: RHB Finn Ross
|
0-0: Ball 1-0: Ball 2-0: Called Strike 2-1: Called Strike 2-2: Foul Ball, location: 2F 2-2: Ball 3-2: Base on Balls
|
|
Batting: RHB Josh Jones
|
0-0: Swinging Strike 0-1: SINGLE (Groundball, 6MD, EV 101.2 MPH) Finn Ross to second Runner from 2nd tries for 3rd, SAFE, throw by CF made to third
|
|
Pinch Hitting: RHB Mike Phillips
|
0-0: Swinging Strike 0-1: Swinging Strike 0-2: Ball 1-2: Ball 2-2: Fly out, F8 (Flyball, 78D, EV 100.6 MPH)
|
| Top of the 5th over - 0 runs, 1 hit, 0 errors, 2 left on base; New York 8 - Washington 2 |
| BOTTOM OF THE 5TH |
|
Washington Nationals batting - Pitching for New York Mets : RHP Jeff Jank
|
|
Now at 3B: Jason Larson
|
|
|
Now at SS: Jordan Fairburn
|
|
|
Now in LF: Mike Phillips
|
|
|
Batting: RHB Eric Wiss
|
0-0: Ball 1-0: Foul Ball, location: 2F 1-1: Ball 2-1: Foul Ball, location: 2F 2-2: SINGLE (Groundball, 5S, EV 68.1 MPH) (infield hit)
|
|
Batting: RHB Hisayuki Akiyama
|
0-0: Foul Ball, location: 2F 0-1: Grounds into double play, 6-4-3 (Groundball, 6, EV 108.8 MPH)
|
|
Pinch Hitting: RHB Dave Vargas
|
0-0: Ball 1-0: Called Strike 1-1: Foul Ball, location: 2F 1-2: Ball 2-2: SINGLE (Groundball, 6MS, EV 63.8 MPH) (infield hit)
|
|
Batting: LHB Evan Oliveri
|
0-0: Called Strike 0-1: Foul Ball, location: 2F 0-2: Ball 1-2: SINGLE (Groundball, 3D, EV 99.4 MPH) Dave Vargas to second Runner from 2nd tries for 3rd, SAFE, throw by RF made at trailing runner, OUT! 9-6
|
| Bottom of the 5th over - 0 runs, 3 hits, 0 errors, 1 left on base; New York 8 - Washington 2 |
| TOP OF THE 6TH |
|
New York Mets batting - Pitching for Washington Nationals : RHP Josh Wellman
|
|
Pitching: RHP Stacey Kerssies
|
|
|
Now in LF: Dave Vargas
|
|
|
Now in RF: Antonio Laurel
|
|
|
Batting: RHB Billy Walker
|
0-0: Called Strike 0-1: Swinging Strike 0-2: Ball 1-2: Ball 2-2: Foul Ball, location: 2F 2-2: Ball 3-2: Base on Balls
|
|
Batting: SHB Sean Cook
|
0-0: Ball 1-0: Foul Ball, location: 2F 1-1: Ball Billy Walker steals 2nd base (no throw) 2-1: Foul Ball, location: 2F 2-2: Strikes out swinging
|
|
Batting: RHB Jordan Fairburn
|
0-0: Ball 1-0: Swinging Strike 1-1: Ball 2-1: Ball 3-1: Base on Balls
|
|
Batting: SHB Luke Robbins
|
0-0: Called Strike 0-1: Called Strike 0-2: Ball 1-2: Strikes out swinging
|
|
Batting: SHB Jason Larson
|
0-0: Foul Ball, location: 2F 0-1: Swinging Strike 0-2: Ball 1-2: Ball 2-2: Ground out 1-3 (Groundball, 13S, EV 64.4 MPH)
|
| Top of the 6th over - 0 runs, 0 hits, 0 errors, 2 left on base; New York 8 - Washington 2 |
| BOTTOM OF THE 6TH |
|
Washington Nationals batting - Pitching for New York Mets : RHP Jeff Jank
|
|
Pitching: RHP Robbie Beerbower
|
|
|
Batting: LHB Alexis Cantu
|
0-0: Ball 1-0: SINGLE (Groundball, 4MD, EV 100.0 MPH)
|
|
Pinch Hitting: LHB Griffin Ferris
|
0-0: Called Strike 0-1: Ball 1-1: Ball 2-1: Ball 3-1: DOUBLE (Line Drive, 89M, EV 108.1 MPH) Alexis Cantu to third
|
|
Batting: RHB Dusty Ballard
|
0-0: Swinging Strike 0-1: Called Strike 0-2: Ground out 6-3 (Groundball, 6, EV 85.6 MPH) Alexis Cantu scores
|
|
Pinch Hitting: LHB Seth Cook
|
0-0: Called Strike 0-1: Ground out 4-3 (Groundball, 13, EV 85.0 MPH) Griffin Ferris to third
|
|
Pinch Hitting: SHB Mark Rennie
|
0-0: Called Strike 0-1: Ball 1-1: Called Strike 1-2: Ball 2-2: Foul Ball, location: 2F 2-2: Fly out, F9 (Flyball, 89M, EV 87.5 MPH)
|
| Bottom of the 6th over - 1 run, 2 hits, 0 errors, 1 left on base; New York 8 - Washington 3 |
| TOP OF THE 7TH |
|
New York Mets batting - Pitching for Washington Nationals : RHP Stacey Kerssies
|
|
Now at 1B: Seth Cook
|
|
|
Now in LF: Mark Rennie
|
|
|
Now in CF: Dave Vargas
|
|
|
Now in RF: Griffin Ferris
|
|
|
Batting: SHB Billy Encinias
|
0-0: Ball 1-0: Called Strike 1-1: Foul Ball, location: 2F 1-2: Foul Ball, location: 2F 1-2: Strikes out looking
|
|
Batting: RHB Finn Ross
|
0-0: Ball 1-0: DOUBLE (Flyball, 8RXD, EV 110.6 MPH)
|
|
Batting: RHB Josh Jones
|
0-0: Ball 1-0: SINGLE (Line Drive, 6D, EV 94.4 MPH) Finn Ross to third Runner from 3rd tries for Home, SAFE, throw by CF to home
|
|
Batting: RHB Mike Phillips
|
0-0: Called Strike 0-1: Ball 1-1: Fielders Choice at 2nd, 4-6 (Groundball, 34, EV 100.0 MPH)
|
|
Batting: RHB Billy Walker
|
0-0: Called Strike 0-1: Called Strike 0-2: Ball 1-2: Ball 2-2: Ball 3-2: Ground out 5-3 (Groundball, 56, EV 101.9 MPH)
|
| Top of the 7th over - 1 run, 2 hits, 0 errors, 1 left on base; New York 9 - Washington 3 |
| BOTTOM OF THE 7TH |
|
Washington Nationals batting - Pitching for New York Mets : RHP Robbie Beerbower
|
|
Pitching: LHP Jonathan Gendron
|
|
|
Batting: RHB Eric Wiss
|
0-0: Fly out, F7 (Flyball, 78D, EV 88.1 MPH)
|
|
Batting: RHB Hisayuki Akiyama
|
0-0: Ball 1-0: Called Strike 1-1: Called Strike 1-2: Strikes out swinging
|
|
Batting: RHB Dave Vargas
|
0-0: Called Strike 0-1: Foul Ball, location: 2F 0-2: Ground out 5-3 (Groundball, 56, EV 91.2 MPH)
|
| Bottom of the 7th over - 0 runs, 0 hits, 0 errors, 0 left on base; New York 9 - Washington 3 |
| TOP OF THE 8TH |
|
New York Mets batting - Pitching for Washington Nationals : RHP Stacey Kerssies
|
|
Pitching: RHP Chris Doty
|
|
|
Batting: SHB Sean Cook
|
0-0: Foul Ball, location: 2F 0-1: Swinging Strike 0-2: Strikes out swinging
|
|
Batting: RHB Jordan Fairburn
|
0-0: Called Strike 0-1: Ground out 5-3 (Groundball, 56S, EV 81.2 MPH)
|
|
Pinch Hitting: LHB Kevin Bellman
|
0-0: Called Strike 0-1: Ball 1-1: Swinging Strike 1-2: SINGLE (Groundball, 34S, EV 68.8 MPH) (infield hit)
|
|
Batting: SHB Jason Larson
|
0-0: Ball 1-0: Called Strike 1-1: Ball 2-1: Ball 3-1: Called Strike Pickoff Throw to First - Error! E1 Kevin Bellman to second 3-2: Foul Ball, location: 2F 3-2: Ground out U3 (Groundball, 3, EV 80.6 MPH)
|
| Top of the 8th over - 0 runs, 1 hit, 1 error, 1 left on base; New York 9 - Washington 3 |
| BOTTOM OF THE 8TH |
|
Washington Nationals batting - Pitching for New York Mets : LHP Jonathan Gendron
|
|
Now at 2B: Jason Larson
|
|
|
Now at 3B: Kevin Bellman
|
|
|
Batting: LHB Evan Oliveri
|
0-0: Called Strike 0-1: DOUBLE (Flyball, 78D, EV 110.6 MPH)
|
|
Batting: LHB Alexis Cantu
|
0-0: Foul Ball, location: 2F 0-1: Foul Ball, location: 2F 0-2: Ball 1-2: Ball 2-2: Strikes out swinging
|
|
Batting: LHB Griffin Ferris
|
0-0: Ball 1-0: Called Strike 1-1: Ground out 3-1 (Groundball, 34, EV 85.0 MPH) Evan Oliveri to third
|
|
Batting: RHB Dusty Ballard
|
0-0: Foul Ball, location: 2F 0-1: Ball 1-1: Ball 2-1: Foul Ball, location: 2F 2-2: Strikes out looking
|
| Bottom of the 8th over - 0 runs, 1 hit, 0 errors, 1 left on base; New York 9 - Washington 3 |
| TOP OF THE 9TH |
|
New York Mets batting - Pitching for Washington Nationals : RHP Chris Doty
|
|
Pitching: RHP Sentos Alatas
|
|
|
Pinch Hitting: LHB Fabiano Perrolas
|
0-0: Ball 1-0: Ball 2-0: Called Strike 2-1: Called Strike 2-2: Ball 3-2: SOLO HOME RUN (Flyball, 89XD, EV 115.6 MPH), Distance : 431 ft
|
|
Batting: RHB Finn Ross
|
0-0: Called Strike 0-1: Ball 1-1: Ball 2-1: Ball 3-1: Swinging Strike 3-2: Base on Balls
|
|
Batting: RHB Josh Jones
|
0-0: Called Strike Finn Ross steals 2nd base 0-1: Foul Ball, location: 2F 0-2: Foul Ball, location: 2F 0-2: Ball 1-2: Ball 2-2: Foul Ball, location: 2F 2-2: Ground out 6-3 (Groundball, 6MS, EV 78.1 MPH) Finn Ross to third
|
|
Batting: RHB Mike Phillips
|
0-0: Ball 1-0: Ground out 4-3 (Groundball, 4, EV 87.5 MPH) Finn Ross scores
|
|
Batting: RHB Billy Walker
|
0-0: Called Strike 0-1: Swinging Strike 0-2: Strikes out swinging
|
| Top of the 9th over - 2 runs, 1 hit, 0 errors, 0 left on base; New York 11 - Washington 3 |
| BOTTOM OF THE 9TH |
|
Washington Nationals batting - Pitching for New York Mets : LHP Jonathan Gendron
|
|
Pitching: RHP Billy McIntyre
|
|
|
Now at C: Fabiano Perrolas
|
|
|
Batting: LHB Seth Cook
|
0-0: Called Strike 0-1: Ball 1-1: Fly out, F7 (Flyball, 7, EV 92.5 MPH)
|
|
Batting: SHB Mark Rennie
|
0-0: Ball 1-0: Called Strike 1-1: Fly out, F8 (Line Drive, 8RM, EV 87.5 MPH)
|
|
Batting: RHB Eric Wiss
|
0-0: Ball 1-0: Fly out, F7 (Flyball, 7LMF, EV 76.2 MPH)
|
| Bottom of the 9th over - 0 runs, 0 hits, 0 errors, 0 left on base; New York 11 - Washington 3 |
|